AoeStats
← [ExIT] Sawyer

Arena

510576299Analyzed
1v1 RM · 1d ago on Oct 1, 2026· 34m 32s· 2 players
Game mode
Random Map
Map size
Tiny (2 player)
Population
200
Speed
Normal
Resources
Standard
Victory
Conquest
Starting age
Dark Age
Ending age
Imperial Age
RankedLock teamsTeams togetherTeam positionsShared explorationLock speedFull tech treeHidden civsTurbo modeCheats
Victory
Defeat
🇪🇸 Spanish · Spain
1382
+17
🇩🇪 Varangians · Germany
1403
-17
abenza8
10:44 Feudal Age
11:40 Double-Bit Axe
14:27 Castle Age
13:09 Loom
13:22 Horse Collar
15:42 Bow Saw
26:14 Wheelbarrow
30:10 Imperial Age
28:07 Fletching
28:17 Town Watch
30:01 Padded Archer Armor
31:56 Bloodlines
33:25 Chemistry
35:01 Bodkin Arrow
[ExIT] Sawyer
10:51 Feudal Age
9:25 Loom
15:14 Castle Age
13:10 Horse Collar
13:57 Double-Bit Axe
20:49 Fletching
31:38 Imperial Age
29:45 Forging
29:41 Scale Barding Armor
32:36 Bloodlines
Connection lost

Rejoining the realm…

Still unreachable

The connection could not be restored.

Session expired

The server has moved on; the page needs a fresh start.